 Dungeon Sprint DCSS version 0.23-a0-629-gae4348f (webtiles) character file.

11379 Lanoc the Stickfighter (level 12, -5/105 HPs)
             Began as a Formicid Fighter on Dec 26, 2018.
             Was the Champion of the Shining One.
             Killed by divine providence
             ... invoked by an orc high priest
              (17 damage)
             ... in the Dungeon (Sprint IX: "|||||||||||||||||||||||||||||").
             The game lasted 00:07:59 (2102 turns).

Lanoc the Stickfighter (Formicid Fighter)           Turns: 2102, Time: 00:07:59

Health: -5/105     AC: 13    Str: 27    XL:     12   Next: 7%
Magic:  4/12       EV: 17    Int: 13    God:    the Shining One [******]
Gold:   1273       SH: 14    Dex: 10    Spells: 11/11 levels left

rFire    . . .     SeeInvis +   q - +0 lajatang
rCold    . . .     Gourm    .   c - +0 shield
rNeg     + + +     Faith    .   u - +3 leather armour {MR+}
rPois    .         Spirit   .   (helmet unavailable)
rElec    .         Reflect  .   o - +1 cloak
rCorr    .         Harm     .   r - +0 pair of gloves
MR       ++...                  s - +0 pair of boots
Stlth    +.........             (no amulet)
HPRegen  0.27/turn              b - +3 ring of intelligence
MPRegen  0.13/turn              h - +3 ring of strength

@: glowing
A: permanent stasis, dig shafts and tunnels, four strong arms, antennae 3
a: Dig, Divine Shield, Cleansing Flame, Summon Divine Warrior, Brand Weapon With
Holy Wrath, Renounce Religion


You were in the Dungeon.
You worshipped the Shining One.
The Shining One was exalted by your worship.
You were not hungry.

You visited 1 branch You collected 1273 gold pieces.

Inventory:

Hand Weapons
 a - a +0 quarterstaff
 q - a +0 lajatang (weapon)
Armour
 c - a +0 shield (worn)
 o - a +1 cloak (worn)
 r - a +0 pair of gloves (worn)
 s - a +0 pair of boots (worn)
 u - a +3 leather armour of magic resistance (worn)
Jewellery
 b - a +3 ring of intelligence (left hand)
 h - a +3 ring of strength (right hand)
Wands
 p - a wand of acid (10)
Scrolls
 d - 2 scrolls of enchant weapon
 j - a scroll of fog
 k - a scroll of identify
 m - 4 scrolls of remove curse
 n - 2 scrolls of amnesia
Potions
 e - 6 potions of curing
 g - a potion of heal wounds
 i - 4 potions of magic
Comestibles
 f - 11 rations


   Skills:
 + Level 13.2 Fighting
 * Level 16.2 Staves
 + Level 13.1 Armour
 + Level 10.9 Dodging
 + Level 14.1 Shields


You had 11 spell levels left.
You didn't know any spells.
Your spell library was empty.

Dungeon Overview and Level Annotations

Branches:
Dungeon (1/1)

Altars:
Cheibriados
Dithmenos
Elyvilon
Fedhas
Gozag
Hepliaklqana
Kikubaaqudgha
Makhleb
Nemelex Xobeh
Okawaru
Qazlal
Ru
Sif Muna
Trog
Uskayaw
Vehumet
Wu Jian
Xom
Yredelemnul
Zin
The Shining One
Beogh
Jiyva
Lugonu

Shops:
D !?


Innate Abilities, Weirdness & Mutations

You cannot be hasted, slowed, berserked, paralysed or teleported.
You can dig through walls and to a lower floor.
Your four strong arms can wield two-handed weapons with a shield.
You have a pair of large antennae on your head. (SInv)


Message History

Beogh smites you! The Shining One protects you from harm!
The orc high priest mumbles some strange prayers.
Items here: $ )) [ a +0 dagger; a +0 robe; a +0 battleaxe; 50 gold pieces You slice the orc high priest!!
You kill the orc high priest!
The Shining One accepts your kill.
The hellwing disappears in a puff of smoke!
You slash the orc knight!
The orc knight is moderately wounded.
The orc high priest utters an invocation to Beogh.
The orc knight roars a battlecry!
The orc knight goes into a battle-frenzy!
You slice the orc knight!!
The orc knight is severely wounded.
You block the orc knight's attack.
The orc high priest calls down the wrath of Beogh upon you.
Beogh smites you!
You die...

▓_▓.▓.▓.▓.▓
▓_▓.▓.▓[▓.▓
▓_▓.▓.▓.▓.▓
▓_▓.▓.▓.▓.▓
▓_▓.▓.▓.▓.▓
▓_▓.▓.▓.▓.▓
▓_▓.▓.▓.▓)▓
▓'▓.▓÷▓.▓)▓
▓.▓.▓÷▓.▓@▓
▓.▓.▓÷▓.▓o▓
{
▓|▓.▓.▓.▓4▓
{ {
▓)▓.▓.▓.▓o▓{
{ {
▓.▓.▓.▓.▓o▓
{ {
▓.▓.▓.▓.▓o▓
{ {
▓!▓.▓.▓.▓∩▓
{ {
▓.▓.▓.▓.▓.▓
{ ▓.▓.▓[▓.▓
{


You could see 2 orc knights, an orc high priest, a chaos spawn and an orc.

Vanquished Creatures
  A hydra (D)
  4 orc high priests (D)
  3 orc knights (D)
  An orc sorcerer (D)
  A black mamba (D)
  2 spiny frogs (D)
  A kobold demonologist (D)
  3 komodo dragons (D)
  5 polar bears (D)
  A troll (D)
  A blink frog (D)
  A hippogriff (D)
  A wraith (D)
  Eustachio (D)
  A soldier ant (D)
  A water moccasin (D)
  3 porcupines (D)
  An ice beast (D)
  11 orc warriors (D)
  2 sky beasts (D)
  3 black bears (D)
  A wolf (D)
  3 crocodiles (D)
  A bullfrog (D)
  A wight (D)
  A jelly (D)
  A hound (D)
  6 orc wizards (D)
  2 orc priests (D)
  A worker ant (D)
  An adder zombie (D)
  A dart slug (D)
  6 orcs (D)
  A bat skeleton (D)
  A hobgoblin (D)
  2 bats (D)
  A giant cockroach zombie (D)
  A rat (D)
79 creatures vanquished.

Vanquished Creatures (collateral kills)
  An orc high priest (D)
1 creature vanquished.

Vanquished Creatures (others)
  A spatial maelstrom (D)
1 creature vanquished.

Grand Total: 81 creatures vanquished

Notes
Turn   | Place    | Note
-------+----------+-------------------------------------------
     0 | D        | Lanoc the Formicid Fighter began the quest for the Orb.
     0 | D        | Reached XP level 1. HP: 18/18 MP: 1/1
    11 | D        | Banished a spatial maelstrom
    20 | D        | Reached skill level 1 in Dodging
    20 | D        | Reached XP level 2. HP: 22/25 MP: 2/2
    26 | D        | Reached skill level 3 in Staves
    28 | D        | Reached skill level 4 in Staves
    28 | D        | Reached XP level 3. HP: 25/31 MP: 3/3
    34 | D        | Reached skill level 5 in Shields
    34 | D        | Reached XP level 4. HP: 32/38 MP: 4/4
    43 | D        | Found a roughly hewn altar of Beogh.
    43 | D        | Found a snail-covered altar of Cheibriados.
    43 | D        | Found a shadowy altar of Dithmenos.
    43 | D        | Found a white marble altar of Elyvilon.
    43 | D        | Found a blossoming altar of Fedhas.
    43 | D        | Found an opulent altar of Gozag.
    44 | D        | Found a hazy altar of Hepliaklqana.
    45 | D        | Found a viscous altar of Jiyva.
    46 | D        | Found an ancient bone altar of Kikubaaqudgha.
    47 | D        | Found a corrupted altar of Lugonu.
    48 | D        | Found a burning altar of Makhleb.
    49 | D        | Found a sparkling altar of Nemelex Xobeh.
    50 | D        | Found an iron altar of Okawaru.
    51 | D        | Found a stormy altar of Qazlal.
    52 | D        | Found a sacrificial altar of Ru.
    53 | D        | Found a deep blue altar of Sif Muna.
    54 | D        | Found a bloodstained altar of Trog.
    55 | D        | Found a hide-covered altar of Uskayaw.
    56 | D        | Found a radiant altar of Vehumet.
    57 | D        | Found an ornate altar of the Wu Jian Council.
    58 | D        | Found a shimmering altar of Xom.
    59 | D        | Found a basalt altar of Yredelemnul.
    60 | D        | Found a glowing silver altar of Zin.
    61 | D        | Found a glowing golden altar of the Shining One.
   103 | D        | Became a worshipper of the Shining One
   157 | D        | Noticed an ice beast
   157 | D        | Noticed a sky beast
   157 | D        | Reached * piety under the Shining One
   157 | D        | Noticed a wraith
   159 | D        | Killed an ice beast
   159 | D        | Reached skill level 5 in Fighting
   159 | D        | Reached skill level 6 in Staves
   159 | D        | Reached skill level 5 in Armour
   159 | D        | Reached XP level 5. HP: 33/45 MP: 5/5
   165 | D        | Killed a sky beast
   165 | D        | Reached skill level 7 in Staves
   165 | D        | Reached XP level 6. HP: 20/52 MP: 6/6
   173 | D        | Killed a wraith
   173 | D        | Reached ** piety under the Shining One
   173 | D        | Reached skill level 8 in Staves
   173 | D        | Reached skill level 5 in Dodging
   173 | D        | Reached XP level 7. HP: 15/60 MP: 7/7
   397 | D        | Noticed a troll
   397 | D        | Noticed a kobold demonologist
   397 | D        | Reached *** piety under the Shining One
   397 | D        | Noticed a soldier ant
   399 | D        | Noticed a ynoxinul
   407 | D        | Killed a troll
   407 | D        | Reached skill level 9 in Staves
   417 | D        | Killed a kobold demonologist
   417 | D        | Reached **** piety under the Shining One
   417 | D        | Reached skill level 10 in Staves
   417 | D        | Reached XP level 8. HP: 38/69 MP: 8/8
   754 | D        | Noticed a komodo dragon
   754 | D        | Noticed a komodo dragon
   754 | D        | Noticed a spiny frog
   754 | D        | Reached ***** piety under the Shining One
   759 | D        | Killed a komodo dragon
   759 | D        | Reached skill level 11 in Staves
   759 | D        | Reached skill level 10 in Shields
   759 | D        | Reached XP level 9. HP: 59/76 MP: 9/9
   763 | D        | Killed a komodo dragon
   766 | D        | Killed a spiny frog
   774 | D        | Reached skill level 10 in Fighting
   774 | D        | Reached skill level 12 in Staves
   784 | D        | Reached skill level 10 in Armour
   986 | D        | Noticed a hippogriff
   986 | D        | Noticed a komodo dragon
   986 | D        | Noticed a four-headed hydra
   986 | D        | Noticed a blink frog
   989 | D        | Killed a hippogriff
   990 | D        | Reached XP level 10. HP: 86/86 MP: 10/10
   991 | D        | Noticed a black mamba
   996 | D        | Killed a komodo dragon
   999 | D        | Noticed a spiny frog
  1008 | D        | Killed a four-headed hydra
  1008 | D        | Reached skill level 13 in Staves
  1021 | D        | Killed a black mamba
  1034 | D        | Killed a spiny frog
  1325 | D        | Reached ****** piety under the Shining One
  1331 | D        | Reached skill level 14 in Staves
  1346 | D        | Reached XP level 11. HP: 56/95 MP: 11/11
  1607 | D        | Noticed Eustachio
  1616 | D        | Killed Eustachio
  1750 | D        | Noticed an orc knight
  1750 | D        | Noticed an orc knight
  1762 | D        | Noticed an orc high priest
  1767 | D        | Killed an orc knight
  1767 | D        | Reached skill level 15 in Staves
  1767 | D        | Reached skill level 10 in Dodging
  1776 | D        | Killed an orc knight
  1796 | D        | HP: 3/96 [orc high priest/+0 battleaxe (10)]
  1800 | D        | Killed an orc high priest
  1805 | D        | HP: 2/96 [orc warrior/+0 hand axe (14)]
  2055 | D        | Found Peful's Distillery.
  2055 | D        | Noticed an orc knight
  2055 | D        | Noticed an orc high priest
  2055 | D        | Noticed an orc high priest
  2055 | D        | Noticed an orc sorcerer
  2055 | D        | Noticed an orc high priest
  2056 | D        | Noticed a sixfirhy
  2063 | D        | Killed an orc knight
  2067 | D        | Killed an orc high priest
  2068 | D        | Found Duhuaho's Magic Scroll Shoppe.
  2068 | D        | Noticed an orc high priest
  2073 | D        | Noticed an orc knight
  2075 | D        | Killed an orc high priest
  2078 | D        | Killed an orc sorcerer
  2078 | D        | Reached skill level 16 in Staves
  2081 | D        | Noticed an orc knight
  2095 | D        | Killed an orc high priest
  2095 | D        | Reached XP level 12. HP: 11/105 MP: 3/12
  2097 | D        | Noticed an orc high priest
  2099 | D        | The Shining One protects you from harm!
  2100 | D        | Killed an orc high priest
  2102 | D        | Killed from afar by an orc high priest

Vault maps used:
D:        linesprint

Skill      XL: |  1  2  3  4  5  6  7  8  9 10 11 |
---------------+----------------------------------+-----
Shields        | 4 5 6 7 8 9 10 11 12 14 | 14.1
Dodging        | 1 2 3 4 5 6 7 8 9 10 | 10.9
Staves         | 4 6 7 8 10 11 12 14 16 | 16.2
Fighting       | 4 5 6 7 8 9 10 11 13 | 13.2
Armour         | 4 5 6 7 8 9 10 11 13 | 13.1

Action                   |  1- 3 |  4- 6 |  7- 9 | 10-12 || total
-------------------------+-------+-------+-------+-------++-------
Melee: Quarterstaff      |    24 |       |       |    12 ||    36
       Lajatang          |       |    16 |    79 |   187 ||   282
Invok: Summon Divine War |       |       |       |     1 ||     1
 Abil: Dig               |       |       |       |     1 ||     1
  Use: Potion            |       |       |     2 |     6 ||     8
  Eat: Chunk             |       |       |       |     4 ||     4
Armor: Scale mail        |    11 |     9 |    18 |    26 ||    64
       Leather armour    |       |       |       |    18 ||    18
Dodge: Dodged            |     5 |     4 |    21 |    65 ||    95
Block: Shield            |    13 |     9 |    42 |   101 ||   165

Table legend:
 A = Non-vault XP
 B = Vault XP
 C = Vault XP percentage of total XP
 D = Non-vault monster count
 E = Vault monster count
 F = Vault count percentage of total count
                 A         B        C        D         E       F
            +---------+---------+-------+---------+---------+-------
      Total |       0 |   16256 | 100.0 |       0 |      80 | 100.0
            +---------+---------+-------+---------+---------+-------
          D |       0 |   16256 | 100.0 |       0 |      80 | 100.0
            +---------+---------+-------+---------+---------+-------
